 Dungeon Crawl Stone Soup version 0.28-a0-664-gc179e30c89 (webtiles) character file.

Game seed: 5434578141570408351

39 cheechan the Skirmisher (level 3, -2/26 HPs)
             Began as an Octopode Fighter on Oct 15, 2021.
             Slain by a gnoll (9 damage)
             ... on level 2 of the Dungeon.
             The game lasted 00:02:26 (705 turns).

cheechan the Skirmisher (Octopode Fighter)           Turns: 705, Time: 00:02:26

Health: -2/26      AC:  1    Str: 15    XL:     3   Next: 45%
Magic:  3/3        EV:  9    Int: 10    God:
Gold:   18         SH: 12    Dex: 12    Spells: 2/2 levels left

rFire   . . .      SeeInvis .   a - +0 flail
rCold   . . .      Faith    .   i - +0 tower shield
rNeg    . . .      Spirit   .   (helmet restricted)
rPois   .          Reflect  .   (no amulet)
rElec   .          Harm     .   (no ring)
rCorr   .          Rampage  .   (no ring)
Will    .....                   (no ring)
Stlth   ++........              (no ring)
HPRegen 0.08/turn               (no ring)
MPRegen 0.08/turn               (no ring)
                                (no ring)
                                (no ring)

@: no status effects
A: almost no armour, amphibious, 8 rings, camouflage 1, gelatinous body 1,
(nimble swimmer 1), tentacles
a: no special abilities


You were on level 2 of the Dungeon.
You visited 1 branch of the dungeon, and saw 2 of its levels.

You collected 18 gold pieces.

Inventory:

Hand Weapons
 a - a +0 flail (weapon)
 d - a +0 whip
Missiles
 e - 73 arrows
Armour
 b - a +0 buckler
 i - a +0 tower shield (worn)
Scrolls
 f - a scroll of blinking
Potions
 c - a potion of might
 g - 2 potions of haste
 h - a potion of heal wounds {unknown}


   Skills:
 + Level 3.5 Fighting
 + Level 2.4 Maces & Flails
 + Level 3.2 Dodging
 + Level 0.4 Stealth
 + Level 3.3 Shields


You had 2 spell levels left.
You didn't know any spells.
Your spell library was empty.

Dungeon Overview and Level Annotations

Branches:
Dungeon (2/15)

Altars:


Innate Abilities, Weirdness & Mutations

You cannot wear most types of armour.
You are amphibious.
You can wear up to eight rings at the same time.
Your skin changes colour to match your surroundings (Stealth+).
Your rubbery body absorbs attacks. (AC +1, EV +1)
((You are camouflaged near water. (Stealth+)))
You have tentacles for arms and can constrict up to eight enemies at once.


Message History

The hobgoblin is lightly wounded.
The hobgoblin barely misses you.
You hit the hobgoblin.
You kill the hobgoblin!
You see here a +0 chain mail of willpower.
Things that are here:
a +0 tower shield; a hobgoblin corpse
i - a +0 tower shield You see here a +0 chain mail of willpower.
You start removing your armour.
You continue taking off your +0 buckler. x4
You finish taking off your +0 buckler.
You start putting on your armour.
You continue putting on your +0 tower shield. x5
You finish putting on your +0 tower shield.
Okay, then.
You see here a hobgoblin corpse.
e - 61 arrows (gained 20)
You see here a hobgoblin corpse.
Found 12 arrows.
e - 73 arrows (gained 12)
A gnoll comes into view.
It is wielding a +0 club. 2 gnolls come into view.
The gnoll shouts!
You hear a shout!
A gnoll comes into view. It is wielding a +0 whip.
The gnoll shouts! x2
You barely miss the gnoll. You grab the gnoll. You constrict the gnoll.
The gnoll hits you with a +0 whip! You block the gnoll's attack. x2
You thump the gnoll! You squeeze the gnoll.
You kill the gnoll!
The gnoll hits you with a +0 flail. The gnoll hits you with a +0 flail!
* * * LOW HITPOINT WARNING * * *
You hit the gnoll. You grab the gnoll.
You squeeze the gnoll, but do no damage.
The gnoll is lightly wounded.
You constrict the gnoll. You block the gnoll's attack.
The gnoll escapes!
You hit the gnoll. You grab the gnoll. You squeeze the gnoll.
You kill the gnoll!
The gnoll hits you with a +0 flail!
You die...

## #.....
... #.....
###....
#.....
..#....
######
.....
#######
##...#
......<
#.).#
##.....
##g#
.......
#g@#
######.
#.## #. #.#
#. #.# ##
######.#
#.##...#
#..#.###
#....#
#####
#.#..##....


You could see 2 gnolls.

Vanquished Creatures
  2 gnolls (D:2)
  2 dart slugs (D:1)
  4 endoplasms (D:1)
  A giant cockroach (D:1)
  3 goblins (D:1)
  3 hobgoblins
  3 ball pythons (D:1)
  A bat (D:1)
  A frilled lizard (D:1)
  A kobold (D:1)
  5 rats
26 creatures vanquished.

Notes
Turn   | Place    | Note
-------+----------+-------------------------------------------
     0 | D:1      | cheechan the Octopode Fighter began the quest for the Orb.
     0 | D:1      | Reached XP level 1. HP: 16/16 MP: 1/1
    61 | D:1      | Reached XP level 2. HP: 19/21 MP: 2/2
   345 | D:1      | Reached XP level 3. HP: 17/26 MP: 3/3
   705 | D:2      | Slain by a gnoll

Illustrated notes

Levels and vault maps discovered:
D:1:      saegor_arrival_simple_c, layout_loops_ring
D:2:      layout_rooms, shapermc_ecumenical_altar_pompeii

Action                   || total
-------------------------++-------
Melee: Flail             ||    40
       Tentacles         ||     9
       Constrict         ||    10
  Use: Scroll            ||     3
 Stab: Sleeping          ||     3
Armor: Skin              ||     3
Dodge: Dodged            ||    22
Block: Buckler           ||     4
       Tower shield      ||     3

Table legend: (Time is in decaauts)
 A = Elapsed time spent in this place.
 B = Non-inter-level travel time spent in this place.
 C = Inter-level travel time spent in this place.
 D = Time resting spent in this place.
 E = Time spent auto-exploring this place.
 F = Levels seen in this place.
 G = Mean time per level.
                   A        B        C        D        E       F      G
               +--------+--------+--------+--------+--------+-----+--------+
         Total |    718 |    718 |      0 |     98 |      0 |   2 |  359.0 |
       Dungeon |    718 |    718 |      0 |     98 |      0 |   2 |  359.0 |
               +--------+--------+--------+--------+--------+-----+--------+

Top non-repeatable levels by time:
     D:1: 536 daAuts
     D:2: 181 daAuts
